 Dungeon Crawl Stone Soup version 0.26.1-2-gb8aa6d0cf2 (webtiles) character file.

Game seed: 11494334698010902224

150 Qrupt the Shield-Bearer (level 5, -1/42 HPs)
             Began as a Formicid Fighter on Feb 27, 2021.
             Slain by an adder (2 damage)
             ... on level 2 of the Dungeon.
             The game lasted 00:02:03 (1627 turns).

Qrupt the Shield-Bearer (Formicid Fighter)          Turns: 1627, Time: 00:02:05

Health: -1/42      AC:  7    Str: 21    XL:     5   Next: 58%
Magic:  14/14      EV:  8    Int:  8    God:
Gold:   69         SH:  9    Dex: 10    Spells: 4/4 levels left

rFire    . . .     SeeInvis +   a - +0 quarterstaff
rCold    . . .     Faith    .   c - +0 kite shield
rNeg     . . .     Spirit   .   b - +0 scale mail
rPois    .         Reflect  .   (helmet unavailable)
rElec    .         Harm     .   (no cloak)
rCorr    .         Rampage  .   (no gloves)
Will     .....                  (no boots)
Stlth    ..........             (no amulet)
HPRegen  0.14/turn              h - ring of magical power
MPRegen  0.14/turn              (no ring)

@: lethally poisoned (-1 -> -2), flying
A: permanent stasis, dig shafts and tunnels, four strong arms, antennae 3
a: Dig, Shaft Self


You were on level 2 of the Dungeon.
You visited 1 branch of the dungeon, and saw 2 of its levels.

You collected 69 gold pieces.

Inventory:

Hand Weapons
 a - a +0 quarterstaff (weapon)
Armour
 b - a +0 scale mail (worn)
 c - a +0 kite shield (worn)
Jewellery
 h - a ring of magical power (left hand)
Scrolls
 e - 2 scrolls of amnesia {unknown}
 f - a scroll of immolation {unknown}
 g - a scroll of remove curse {unknown}
 i - a scroll of noise {unknown}
 j - 2 scrolls of identify {unknown}
 k - 2 scrolls of teleportation {unknown}
Potions
 d - a potion of might


   Skills:
 + Level 4.2 Fighting
 + Level 3.1 Staves
 + Level 4.2 Armour
 + Level 4.7 Shields


You had 4 spell levels left.
You didn't know any spells.
Your spell library was empty.

Dungeon Overview and Level Annotations

Branches:
Dungeon (2/15)

Altars:


Innate Abilities, Weirdness & Mutations

You cannot be hasted, slowed, berserked, paralysed or teleported.
You can dig through walls and to a lower floor.
Your four strong arms can wield two-handed weapons with a shield.
You have a pair of large antennae on your head. (SInv)


Message History

You block the adder's attack.
The frilled lizard bites you but does no damage.
You block the adder's attack. The frilled lizard bites you.
* * * LOW HITPOINT WARNING * * *
You barely miss the adder.
The adder is severely wounded.
You block the adder's attack. You block the frilled lizard's attack.
The adder bites you.
* * * LOW HITPOINT WARNING * * *
It was a potion of flight.
You feel very buoyant.
You fly up into the air.
You block the adder's attack. The frilled lizard closely misses you.
You hit the adder.
The adder is severely wounded.
* * * LOW HITPOINT WARNING * * *
You feel sick. You block the adder's attack.
The frilled lizard hisses.
You block the frilled lizard's attack. The adder bites you.
You die...

####(.....####.####### ..(.
#....####†...............$.
..##.# ######.#######...
####.# #.# #... # #.# ###.#
###5# #.# #...###..5# #.#
#.##....#.l......
####.#######.##S####.##.....
................@l...>......
###.####...#...#####...# ...
#.# ##.##..### ..### .. #
#.###......# ### .
###.##....##.#
##.....####..# #.# ......##
..## #.. #.# ..#.######.#
.#.# #.# .##.#......# ..#.#
#.# ###


You could see an adder and a frilled lizard.

Vanquished Creatures
  Natasha (D:2)
  Robin (D:2)
  3 adders (D:2)
  2 oozes
  A worm (D:2)
  3 dart slugs
  3 leopard geckos
  A ball python (D:2)
  5 bats
  4 giant cockroaches
  13 goblins
  9 hobgoblins
  2 jackals (D:1)
  7 kobolds
  A quokka (D:2)
  2 frilled lizards
  5 rats
63 creatures vanquished.

Notes
Turn   | Place    | Note
-------+----------+-------------------------------------------
     0 | D:1      | Qrupt the Formicid Fighter began the quest for the Orb.
     0 | D:1      | Reached XP level 1. HP: 18/18 MP: 1/1
   167 | D:1      | Reached XP level 2. HP: 24/24 MP: 2/2
   364 | D:1      | Reached XP level 3. HP: 29/29 MP: 3/3
   942 | D:2      | Reached XP level 4. HP: 37/37 MP: 4/4
  1232 | D:2      | Noticed Robin
  1277 | D:2      | Reached XP level 5. HP: 25/42 MP: 5/5
  1284 | D:2      | Killed Robin
  1590 | D:2      | Noticed Natasha
  1615 | D:2      | Killed Natasha
  1625 | D:2      | HP: 1/42 [adder (3)]
  1627 | D:2      | Slain by an adder

Illustrated notes

Levels and vault maps discovered:
D:1:      dpeg_arrival_three_bigger_balls, layout_basic, st_stairs_11,
          minmay_small_reverse_x
D:2:      layout_rooms, uniq_robin, uniq_natasha

Skill      XL: |  1  2  3  4  5 |
---------------+----------------+-----
Shields        | 4 |  4.7
Fighting       | 4 |  4.2
Armour         | 4 |  4.2
Staves         | 3 |  3.1

Action                   |  1- 3 |  4- 6 || total
-------------------------+-------+-------++-------
Melee: Quarterstaff      |    80 |   137 ||   217
  Use: Potion            |       |     1 ||     1
Armor: Scale mail        |    39 |    60 ||    99
Dodge: Dodged            |    23 |    56 ||    79
Block: Kite shield       |    38 |    82 ||   120
